 Dungeon Crawl Stone Soup version 0.30-a0-469-g84de5afbc5 (webtiles) character file.

Game seed: 4234386213057779198

194 Coaxmetal the Magician (level 5, -1/30 HPs)
             Began as a Deep Elf Hedge Wizard on Dec 20, 2022.
             Slain by Grinder (9 damage)
             ... while paralysed by Grinder
             ... on level 3 of the Dungeon.
             The game lasted 00:09:52 (3701 turns).

Coaxmetal the Magician (Deep Elf Hedge Wizard)      Turns: 3701, Time: 00:09:53

Health: -1/30      AC:  2    Str:  7    XL:     5   Next: 44%
Magic:  4/15       EV:  2    Int: 21    God:
Gold:   147        SH:  0    Dex: 14    Spells: 7/15 levels left

rFire   . . .      SeeInvis .    r - +1 whip (pain)
rCold   . . .      Faith    .    (no shield)
rNeg    . . .      Spirit   .    b - +0 robe
rPois   .          Reflect  .    c - +0 hat
rElec   .          Harm     .    (no cloak)
rCorr   .          Rampage  .    (no gloves)
Will    .....                    (no boots)
Stlth   +++.......               (no amulet)
HPRegen 0.25/turn                (no ring)
MPRegen 0.14/turn                (no ring)

@: paralysed
A: no striking features
a: no special abilities


You were on level 3 of the Dungeon.
You visited 1 branch of the dungeon, and saw 4 of its levels.

You collected 147 gold pieces.

Inventory:

Hand Weapons
 a - a +0 dagger
 r - a +1 whip of pain (weapon)
Armour
 b - a +0 robe (worn)
 c - a +0 hat (worn)
Jewellery
 e - a ring of see invisible
 f - a ring of wizardry
 g - an amulet of reflection
 k - a +6 ring of dexterity
 w - a ring of protection from fire
Wands
 t - a wand of charming (11)
Scrolls
 m - a scroll of immolation {unknown}
 n - a scroll of butterflies {unknown}
 o - a scroll of amnesia {unknown}
 q - a scroll of enchant weapon {unknown}
 u - a scroll of teleportation {unknown}
 v - a scroll of enchant armour {unknown}
Potions
 d - 2 potions of magic
 h - a potion of brilliance {unknown}
 i - a potion of degeneration {unknown}
 j - 2 potions of curing {unknown}
 l - a potion of heal wounds {unknown}
 p - a potion of might {unknown}
 s - a potion of flight {unknown}


   Skills:
 + Level 1.6 Fighting
 - Level 2.4 Dodging
 + Level 3.9 Stealth
 + Level 5.5 Spellcasting
 + Level 2.7 Conjurations
 - Level 2.0 Summonings
 - Level 2.0 Translocations


You had 7 spell levels left.
You knew the following spells:

 Your Spells              Type           Power      Damage    Failure   Level
a - Magic Dart            Conj           68%        1d6       3%          1
b - Blink                 Tloc           28%        N/A       7%          2
c - Call Imp              Summ           14%        N/A       7%          2
d - Mephitic Cloud        Conj/Pois/Air  9%         N/A       22%         3

Your spell library contained the following spells:

 Spells                   Type           Power      Damage    Failure   Level
 Slow                     Hex            20%        N/A       11%         1
 Cigotuvi's Dreadful Rot  Necr/Pois/Air  10%        N/A       16%         2


Dungeon Overview and Level Annotations

Branches:
Dungeon (4/15)
 Temple: D:4-7

Altars:

Shops:
D:2 (

Annotations:
D:3 Grinder, Terence


Message History

Casting: Magic Dart (safe; 3% risk of failure)
Confirm with . or Enter, or press ? or * to list all spells.
Aiming: Magic Dart (safe; 3% risk of failure)
Press: ? - help, Shift-Dir - straight line, f/p - Grinder
Aim: Grinder (almost dead, ally target, 100% to hit)
The magic dart hits Grinder but does no damage.
Grinder is almost dead.
Grinder gestures at you.
You suddenly lose the ability to move!
Your crimson imp hits Grinder but does no damage.
Grinder blinks!
Your crimson imp blinks!
Your magical contamination has completely faded away.
Grinder gestures at you.
You struggle to resist.
Grinder blinks!
Your crimson imp blinks!
You can move again.
Unknown command.
Unknown command.
Aiming: Charm
Press: ? - help, Shift-Dir - straight line, f/p - Grinder
Aim: Grinder (almost dead, ally target, chance to affect: 49%) Grinder is charmed.
You start resting.
Grinder blinks! x5
Grinder is no longer charmed.
Grinder hits you!
* * * LOW HITPOINT WARNING * * *
You writhe in agony.
* * * LOW HITPOINT WARNING * * *
Your crimson imp blinks!
Casting: Magic Dart (safe; 3% risk of failure)
Confirm with . or Enter, or press ? or * to list all spells.
A beastly little devil appears in a puff of flame.
Your crimson imp disappears in a puff of smoke!
Grinder gestures at you.
You suddenly lose the ability to move!
Grinder says, "FISH!"
Grinder hits you!
You die...

#.### # .w.#####.##
>#.##.....# # #
.#....# .#.# .
####..# .#.# .
.#....###...#
@#.##.....# #
...####..#########.#
#.#####....)...5@..#
#.........>.ยง...5..#
..
#....##..#####.##.##
.. ...............#
.# .#
.###.##..####### .#
.# #.##.......# .# .#
.###.##5#.# .# .# #
#.##.#.# .# #.# .# #
#.##5#.# #.#


You could see Grinder (ally target) and a friendly crimson imp (summoned).

Vanquished Creatures
  3 gnolls (D:3)
  2 adders
  An orc (D:3)
  4 bats
  2 endoplasms (D:3)
  8 giant cockroaches (D:2)
  A goblin (D:1)
  3 hobgoblins
  8 jackals
  A quokka (D:2)
  6 ball pythons
  2 frilled lizards (D:1)
  3 kobolds
  4 rats
48 creatures vanquished.

Vanquished Creatures (collateral kills)
  A necrophage (D:4)
  An iguana (D:4)
  A dart slug (D:4)
  3 giant cockroaches
  A kobold (D:3)
  2 ball pythons
9 creatures vanquished.

Grand Total: 57 creatures vanquished

Notes
Turn   | Place    | Note
-------+----------+-------------------------------------------
     0 | D:1      | Coaxmetal the Deep Elf Hedge Wizard began the quest for the
                  | Orb.
     0 | D:1      | Reached XP level 1. HP: 10/10 MP: 7/7
   590 | D:1      | Reached XP level 2. HP: 13/15 MP: 5/9
  1234 | D:2      | Identified the +3 ring mail of the Hills {rElec Str+8 Int-5
                  | Dex+7}
  1460 | D:2      | Reached XP level 3. HP: 20/20 MP: 8/11
  1465 | D:2      | Learned a level 2 spell: Blink
  1468 | D:2      | Learned a level 2 spell: Call Imp
  1472 | D:2      | Learned a level 3 spell: Mephitic Cloud
  1967 | D:2      | Found Xuitew's Weapon Boutique.
  2426 | D:3      | Noticed Grinder
  2426 | D:3      | Paralysed by Grinder for 4 turns
  2545 | D:3      | Noticed Terence
  2846 | D:4      | Reached skill level 1 in Fighting
  2846 | D:4      | Reached XP level 4. HP: 25/25 MP: 12/12
  2854 | D:4      | Noticed a necrophage
  2884 | D:4      | Killed a necrophage
  2885 | D:4      | Reached skill level 5 in Spellcasting
  2885 | D:4      | Reached XP level 5. HP: 26/29 MP: 3/14
  2967 | D:4      | Noticed a phantom
  3643 | D:3      | Paralysed by Grinder for 3 turns
  3658 | D:3      | Paralysed by Grinder for 5 turns
  3700 | D:3      | Paralysed by Grinder for 4 turns
  3701 | D:3      | Slain by Grinder

Illustrated notes

Levels and vault maps discovered:
D:1:      matt_arrival_grand_opening, layout_loops_cross
D:2:      minmay_roachtagon, layout_basic, serial_shops,
          nicolae_shop_waterfront, hangedman_decor_points
D:3:      layout_loops_ring, mainiacjoe_overflow_alcove_1, uniq_terence,
          uniq_grinder
D:4:      layout_basic, minmay_temple_entry_sparse_star,
          minmay_misc_feat_four_crosses, fountainhead

Skill      XL: |  1  2  3  4 |
---------------+-------------+-----
Translocations | 2 |  2.0
Stealth        | 3 |  3.9
Fighting       | 1 |  1.6
Conjurations   | 2 |  2.7
Spellcasting   | 5 |  5.5
Summonings     | 2 |  2.0
Dodging        | |  2.4

Action                   |  1- 3 |  4- 6 || total
-------------------------+-------+-------++-------
Melee: Whip              |     6 |     4 ||    10
       Unarmed           |     3 |       ||     3
       Dagger            |     1 |       ||     1
 Cast: Magic Dart        |   105 |    55 ||   160
       Call Imp          |     6 |    17 ||    23
       Blink             |     1 |     5 ||     6
Evoke: Wand              |       |     1 ||     1
  Use: Potion            |     2 |       ||     2
Armor: Robe              |     8 |     4 ||    12
       Skin              |     3 |     1 ||     4
Dodge: Dodged            |    32 |    43 ||    75

Table legend: (Time is in decaauts)
 A = Elapsed time spent in this place.
 B = Non-inter-level travel time spent in this place.
 C = Inter-level travel time spent in this place.
 D = Time resting spent in this place.
 E = Time spent auto-exploring this place.
 F = Levels seen in this place.
 G = Mean time per level.
                   A        B        C        D        E       F      G
               +--------+--------+--------+--------+--------+-----+--------+
         Total |   3698 |   3590 |    108 |    794 |   1840 |   4 |  924.5 |
       Dungeon |   3698 |   3590 |    108 |    794 |   1840 |   4 |  924.5 |
               +--------+--------+--------+--------+--------+-----+--------+

Top non-repeatable levels by time:
     D:2: 1651 daAuts
     D:1: 989 daAuts
     D:3: 849 daAuts
     D:4: 207 daAuts
